 Dungeon Crawl Stone Soup version 0.29.1-15-g9cfb28693d (webtiles) character file.

Game seed: 4510875061741204362

12718 BuddhaDhamma the Severer (level 11, 0/82 HPs)
             Began as a Minotaur Berserker on Feb 28, 2023.
             Was an Elder of Trog.
             Slain by a yak (9 damage)
             ... on level 10 of the Dungeon on Mar 1, 2023.
             The game lasted 00:25:08 (14111 turns).

BuddhaDhamma the Severer (Minotaur Berserker)      Turns: 14111, Time: 00:25:09

Health: 0/82       AC: 14    Str: 25    XL:     11   Next: 66%
Magic:  10/10      EV:  9    Int:  1    God:    Trog [****..]
Gold:   630        SH:  0    Dex: 13    Spells: 10/10 levels left

rFire   + . .      SeeInvis +   C - +1 battleaxe
rCold   + . .      Faith    .   (shield currently unavailable)
rNeg    . . .      Spirit   .   a - +0 chain mail
rPois   .          Reflect  .   (helmet restricted)
rElec   .          Harm     .   q - +1 cloak
rCorr   .          Rampage  .   (no gloves)
Will    .....                   b - +0 pair of boots
Stlth   ..........              (no amulet)
HPRegen 0.23/turn               B - ring "Bidghuvua" {rF+ rC+ Int-3 Dex+2 SInv}
MPRegen 0.12/turn               (no ring)

@: on berserk cooldown, slowed, very slow
A: horns 2, retaliatory headbutt
a: Renounce Religion, Berserk, Trog's Hand, Brothers in Arms


You were on level 10 of the Dungeon.
You worshipped Trog.
Trog was greatly pleased with you.
You visited 1 branch of the dungeon, and saw 10 of its levels.

You collected 630 gold pieces.

Inventory:

Hand Weapons
 C - a +1 battleaxe (weapon)
Armour
 a - a +0 chain mail (worn)
 b - a +0 pair of boots (worn)
 q - a +1 cloak (worn)
Jewellery
 B - the ring "Bidghuvua" (left hand) {rF+ rC+ Int-3 Dex+2 SInv}
   (You found it on level 9 of the Dungeon)

   [ring of see invisible]

   Int:       It affects your intelligence (-3).
   Dex:       It affects your dexterity (+2).
   rF:        It protects you from fire.
   rC:        It protects you from cold.
   SInv:      It lets you see invisible.
Wands
 s - a wand of quicksilver (3)
Scrolls
 d - 6 scrolls of teleportation
 f - 3 scrolls of butterflies
 i - 3 scrolls of blinking
 j - 2 scrolls of enchant armour
 o - 2 scrolls of fear
 w - a scroll of magic mapping
 x - a scroll of identify
Potions
 c - 3 potions of curing
 e - a potion of berserk rage {unknown}
 g - a potion of haste
 h - a potion of might
 k - 5 potions of lignification
 l - 2 potions of mutation {unknown}
 m - a potion of resistance
 n - a potion of degeneration {unknown}
 p - 2 potions of magic
 r - 7 potions of attraction
 t - a potion of flight {unknown}
 u - 2 potions of ambrosia
 v - 3 potions of heal wounds
 A - a potion of cancellation {unknown}


   Skills:
 - Level 3.6 Fighting
 * Level 20.6 Axes
 + Level 7.7 Armour
 - Level 2.1 Dodging


You had 10 spell levels left.
You didn't know any spells.
Your spell library was empty.

Dungeon Overview and Level Annotations

Branches:
Dungeon (10/15)            Temple (0/1) D:4             Orc (0/2) D:10
   Lair: D:8-11

Altars:
Ashenzari
Cheibriados
Dithmenos
Elyvilon
Fedhas
Gozag
Kikubaaqudgha
Makhleb
Nemelex Xobeh
Okawaru
Ru
Vehumet
The Shining One

Annotations:
D:3 2 transporters, ReaperWolf26's ghost, amateur DsBe


Innate Abilities, Weirdness & Mutations

You have a pair of horns on your head.
You reflexively headbutt those who attack you in melee.


Message History

You hit the steam dragon.
You headbutt the steam dragon, but do no damage.
The steam dragon is lightly wounded.
You slash the yak!
You kill the yak!
Trog accepts your kill.
You barely miss the yak. The yak barely misses you. You furiously retaliate!
You headbutt the yak, but do no damage.
The steam dragon bites you but does no damage.
The steam dragon claws you but does no damage.
You closely miss the steam dragon. Your headbutt misses the steam dragon.
The steam dragon is lightly wounded.
You barely miss the yak. The yak gores you!
The steam dragon bites you but does no damage.
The steam dragon claws you but does no damage.
You barely miss the steam dragon.
The steam dragon is lightly wounded.
You slash the yak! The yak gores you but does no damage.
The steam dragon breathes steam at you. The ball of steam hits you! You resist.
You slice the steam dragon!!
You kill the steam dragon!
Trog accepts your kill.
The steam dragon scales are intact enough to wear.
You barely miss the yak.
The yak is engulfed in a cloud of scalding steam.
The yak gores you!
An orc wizard comes into view. It is wielding a +0 dagger.
The orc wizard shouts!
The yak gores you but does no damage.
The orc wizard gestures at you while chanting.
The puff of flame hits you but does no damage.
You resist. The yak gores you!
* * * LOW HITPOINT WARNING * * *
Things that are here:
+0 steam dragon scales; a steam dragon corpse The yak gores you!
* * * LOW HITPOINT WARNING * * *
The yak gores you!
You die...

#..........)...........
#.......†<....######### #
####...>.........#
#.#................#
........)......†....#########
.......................(.....
P....P.......................
.P..P...P.o...†.........#####
.P..P.......@Y[.........#
P..P.PP.P...............#
........P.<.....).......#####
.P...P......................
............................
.....P.PP..############(....
.......#.# #..### PP..P.##.#
#..# P..... #.# #..#


You could see a yak and an orc wizard.

Vanquished Creatures
  A centaur warrior (D:9)
  2 two-headed ogres
  A tengu warrior (D:9)
  A skeletal warrior (D:9)
  The ghost of dudediamond6 the Vexing, a novice GnAM of Cheibriados (D:9)
  A manticore (D:9)
  An efreet (D:9)
  A komodo dragon (D:10)
  A hornet (shapeshifter) (D:9)
  A slime creature (D:9)
  Sigmund (D:2)
  A shadow (D:10)
  3 wraiths
  A wyvern (D:9)
  3 spriggans (D:9)
  12 yaks
  2 steam dragons
  Duvessa (D:5)
  4 water moccasins
  2 orc warriors
  3 sky beasts
  5 black bears
  2 ice beasts
  An ogre (D:6)
  A wolf (D:9)
  6 centaurs
  A kobold brigand (D:6)
  7 bullfrogs
  A necrophage (D:4)
  2 gnoll sergeants (D:6)
  5 scorpions
  5 wights (D:6)
  Dowan (D:5)
  4 killer bees (D:8)
  3 jellies
  4 orc priests
  8 hounds
  A gnoll bouda (D:9)
  3 iguanas
  6 orc wizards
  7 adders
  25 gnolls
  2 white imps
  4 worms
  5 dart slugs
  46 orcs
  6 bats
  13 endoplasms
  3 giant cockroaches
  8 goblins
  8 hobgoblins
  6 jackals
  15 kobolds
  3 quokkas
  16 ball pythons
  4 frilled lizards
  7 rats
288 creatures vanquished.

Vanquished Creatures (collateral kills)
  2 orcs (D:8)
2 creatures vanquished.

Vanquished Creatures (others)
  A cyclops (D:10)
  A wyvern (D:10)
  An orc priest (D:10)
  An orc wizard (D:10)
  2 orcs (D:10)
  45 fungi (D:10)
  67 plants
  10 withered plants (D:1)
128 creatures vanquished.

Grand Total: 418 creatures vanquished

Notes
Turn   | Place    | Note
-------+----------+-------------------------------------------
     0 | D:1      | BuddhaDhamma the Minotaur Berserker began the quest for the
                  | Orb.
     0 | D:1      | Reached XP level 1. HP: 19/19 MP: 0/0
    54 | D:1      | Reached skill level 4 in Axes
   195 | D:1      | Reached XP level 2. HP: 26/26 MP: 1/1
   581 | D:1      | Found a faded altar of an unknown god.
   673 | D:1      | Reached skill level 5 in Axes
   684 | D:1      | Reached ** piety under Trog
   886 | D:2      | Reached XP level 3. HP: 6/31 MP: 2/2
  1156 | D:2      | Found a sacrificial altar of Ru.
  1245 | D:2      | Noticed Sigmund
  1252 | D:2      | Killed Sigmund
  1253 | D:2      | Reached skill level 7 in Axes
  1253 | D:2      | Reached XP level 4. HP: 39/39 MP: 3/3
  1253 | D:2      | Reached XP level 5. HP: 45/45 MP: 4/4
  1592 | D:2      | Reached skill level 8 in Axes
  2871 | D:3      | Reached XP level 6. HP: 51/51 MP: 5/5
  3780 | D:3      | Found a transporter.
  3783 | D:3      | Noticed ReaperWolf26's ghost (amateur DsBe)
  3784 | D:3      | Found a transporter.
  3995 | D:4      | Found a glowing golden altar of the Shining One.
  4327 | D:4      | Reached skill level 9 in Axes
  4575 | D:4      | Reached XP level 7. HP: 49/57 MP: 6/6
  4619 | D:4      | Found a staircase to the Ecumenical Temple.
  4736 | D:4      | Reached *** piety under Trog
  4737 | D:4      | Reached skill level 10 in Axes
  5066 | D:5      | Entered Level 5 of the Dungeon
  5081 | D:5      | Found a sparkling altar of Nemelex Xobeh.
  5081 | D:5      | Found an opulent altar of Gozag.
  5085 | D:5      | Reached skill level 11 in Axes
  5309 | D:5      | Reached XP level 8. HP: 59/64 MP: 7/7
  5389 | D:5      | Reached skill level 12 in Axes
  5544 | D:5      | Noticed Duvessa
  5555 | D:5      | Killed Duvessa
  5559 | D:5      | Noticed Dowan
  5572 | D:5      | Killed Dowan
  6404 | D:6      | Reached skill level 13 in Axes
  6691 | D:6      | Reached skill level 14 in Axes
  6702 | D:6      | Reached XP level 9. HP: 70/70 MP: 8/8
  7052 | D:6      | Reached **** piety under Trog
  7222 | D:6      | Reached skill level 15 in Axes
  7374 | D:6      | Found a blossoming altar of Fedhas.
  8238 | D:6      | Reached skill level 16 in Axes
  8402 | D:6      | Found a white marble altar of Elyvilon.
  8850 | D:7      | Found a flagged portal.
  8905 | D:7      | Identified the +8 dagger "Lynkom" {pain, rF- Str+3 Int+5}
  8952 | D:7      | Found a radiant altar of Vehumet.
  9045 | D:7      | Found a broken altar of Ashenzari.
  9113 | D:7      | Noticed a two-headed ogre
  9118 | D:7      | Killed a two-headed ogre
  9119 | D:7      | Reached skill level 17 in Axes
  9119 | D:7      | Reached XP level 10. HP: 75/77 MP: 9/9
  9410 | D:7      | Found an ancient bone altar of Kikubaaqudgha.
  9546 | D:7      | Found a burning altar of Makhleb.
  9548 | D:7      | Found a shadowy altar of Dithmenos.
 10066 | D:8      | Reached skill level 18 in Axes
 10395 | D:8      | Found a runed translucent door.
 10438 | D:8      | Found an iron altar of Okawaru.
 11144 | D:9      | Found a runed translucent door.
 11151 | D:9      | Found a snail-covered altar of Cheibriados.
 11168 | D:9      | Noticed dudediamond6's ghost (novice GnAM)
 11170 | D:9      | Identified the +9 spear of Badoleaw {speed, Drain rElec
                  | Str+4 Dex+2}
 12048 | D:9      | Noticed a manticore
 12059 | D:9      | Killed a manticore
 12060 | D:9      | Reached skill level 19 in Axes
 12338 | D:9      | Noticed a centaur warrior
 12344 | D:9      | Killed a centaur warrior
 12344 | D:9      | Noticed a skeletal warrior
 12345 | D:9      | Reached skill level 5 in Armour
 12345 | D:9      | Reached XP level 11. HP: 82/82 MP: 10/10
 12354 | D:9      | Killed a skeletal warrior
 12358 | D:9      | Identified the ring "Bidghuvua" {rF+ rC+ Int-3 Dex+2 SInv}
 12630 | D:9      | Noticed a tengu warrior
 12646 | D:9      | Killed a tengu warrior
 12907 | D:9      | Killed dudediamond6's ghost
 13350 | D:10     | Entered Level 10 of the Dungeon
 13357 | D:10     | Reached skill level 20 in Axes
 13857 | D:10     | Found a staircase to the Orcish Mines.
 13924 | D:10     | Noticed a two-headed ogre
 13939 | D:10     | Killed a two-headed ogre
 14111 | D:10     | Slain by a yak

Illustrated notes

Levels and vault maps discovered:
D:1:      minmay_arrival_four_loops, layout_rooms,
          shapermc_ecumenical_altar_flowoftime
D:2:      layout_basic, basic_altar, dreamdust_princess_corridor, uniq_sigmund
D:3:      minmay_angry_zag, layout_loops_corners, cheibrodos_sewer_entry_bend,
          gammafunk_ghost_smash, minivault_26, minmay_increasing_density
D:4:      black_bear_nest_2, layout_rooms, marbit_many_paths,
          minmay_temple_entry_arrows, kennysheep_dice
D:5:      layout_basic, grunt_temple_overflow_opulence, uniq_duvessa
D:6:      kennysheep_housing_project, layout_basic, pf_just_have_faith,
          mainiacjoe_overflow_brackets, nrook_uturn, minmay_misc_feat_enclosed,
          hangedman_abyss_or_decor_stabs, hangedman_decor_push
D:7:      dreamdust_elfheim, layout_loops_ring, mainiacjoe_overflow_boulevard,
          lemuel_crystal_altar, vehumet_crystals,
          nicolae_overflow_hidden_temple, enter_bailey_5
D:8:      layout_rooms, general_overflow_altar, chequers_serial_rivers_large_a,
          lightli_church_of_beogh
D:9:      minmay_blocky_corners, layout_basic, slow_altar_2,
          ebering_ghost_funeral_grove
D:10:     layout_long_grid, nicolae_uskayaw_murder_on_the_dancefloor,
          due_lair_maze_entry_diamond, special_room [special_room_kobold],
          lemuel_flamethrower_2

Skill      XL: |  1  2  3  4  5  6  7  8  9 10 11 |
---------------+----------------------------------+-----
Axes           | 4 5 7 8 9 11 14 17 19 20 | 20.6
Armour         | 5 7 |  7.7
Fighting       | |  3.6
Dodging        | |  2.1

Action                   |  1- 3 |  4- 6 |  7- 9 | 10-12 || total
-------------------------+-------+-------+-------+-------++-------
Melee: Hand axe          |    81 |    40 |       |       ||   121
       Headbutt          |    15 |    29 |    41 |    50 ||   135
       Punch             |     3 |     3 |     4 |     2 ||    12
       War axe           |       |   104 |   238 |   159 ||   501
       Battleaxe         |       |       |       |   111 ||   111
Invok: Berserk           |     2 |     2 |     4 |     5 ||    13
       Trog's Hand       |       |       |       |     1 ||     1
       Brothers in Arms  |       |       |       |     1 ||     1
Evoke: Wand              |       |       |       |     7 ||     7
  Use: Scroll            |       |    12 |     5 |     2 ||    19
       Potion            |       |       |       |     6 ||     6
Armor: Animal skin       |     1 |       |       |       ||     1
       Ring mail         |    26 |    13 |       |       ||    39
       Chain mail        |       |    77 |   146 |   134 ||   357
Dodge: Dodged            |    40 |    69 |    98 |    95 ||   302
